 Dungeon Crawl Stone Soup version 0.25-a0-302-g9f758675c1 (webtiles) character file.

Game seed: 18280702635859615626, levelgen mode: deterministic

128 Multipenetrator the Caller (level 5, -1/35 HPs)
             Began as a Human Summoner on Dec 20, 2019.
             Was an Initiate of Dithmenos.
             Succumbed to a crimson imp's poison
             ... on level 5 of the Dungeon.
             The game lasted 00:29:26 (3360 turns).

Multipenetrator the Caller (Human Summoner)         Turns: 3360, Time: 00:29:27

Health: -1/35      AC:  2    Str:  8 (9)  XL:     5   Next: 34%
Magic:  7/10       EV: 12    Int: 19 (21) God:    Dithmenos [......]
Gold:   107        SH:  0    Dex: 12 (13) Spells: 5/11 levels left

rFire    . . .     SeeInvis .   b - +0 hunting sling (curse)
rCold    . . .     Gourm    .   (no shield)
rNeg     . . .     Faith    .   a - +0 robe
rPois    .         Spirit   .   (no helmet)
rElec    .         Reflect  .   (no cloak)
rCorr    .         Harm     .   (no gloves)
MR       .....                  (no boots)
Stlth    ++........             (no amulet)
HPRegen  0.11/turn              (no ring)
MPRegen  0.12/turn              (no ring)

@: brilliant, lethally poisoned (-1 -> -31), very slightly contaminated, hasted,
invisible, very quick
A: no striking features
a: Renounce Religion


You were on level 5 of the Dungeon.
You worshipped Dithmenos.
Dithmenos was noncommittal.
You were not hungry.

You visited 1 branch of the dungeon, and saw 4 of its levels.

You collected 107 gold pieces.

Inventory:

Hand Weapons
 b - a cursed +0 hunting sling (weapon)
 d - a +0 short sword of venom
 j - a cursed -2 dagger
Missiles
 i - 6 poisoned darts (quivered)
Armour
 a - a +0 robe (worn)
Scrolls
 h - a scroll of blinking
Comestibles
 c - 6 rations


   Skills:
 + Level 0.3 Short Blades
 - Level 2.0 Dodging
 + Level 2.0 Stealth
 * Level 3.5 Spellcasting
 * Level 5.2 Summonings


You had 5 spell levels left.
You knew the following spells:

 Your Spells              Type           Power        Failure   Level  Hunger
a - Summon Small Mammal   Summ           ####         1%          1    None
b - Call Imp              Summ           ####....     1%          2    ##.....
c - Call Canine Familiar  Summ           ####....     1%          3    ###....

Your spell library contained the following spells:

 Spells                   Type           Power        Failure   Level  Hunger
 Summon Guardian Golem    Hex/Summ       ###.....     1%          3    ###....
 Summon Ice Beast         Ice/Summ       ###.....     5%          4    ####...
 Summon Lightning Spire   Summ/Air       ###.....     5%          4    ####...


Dungeon Overview and Level Annotations

Branches:
Dungeon (3/15)

Altars:
Dithmenos
Trog


Message History

You feel sick.
Your hound closely misses the crimson imp.
The hound closely misses your quokka.
The crimson imp throws a poisoned dart.
The poisoned dart closely misses your hound.
The poisoned dart barely misses you.
Your quokka barely misses the hound.
Your hound bites the crimson imp.
The hound bites your quokka but does no damage.
* * * LOW HITPOINT WARNING * * *
You feel sick.
The crimson imp throws a poisoned dart.
The poisoned dart closely misses your hound.
The poisoned dart hits you!
You are more poisoned.
Your quokka barely misses the hound.
Your hound closely misses the crimson imp.
The hound bites your quokka.
You see here 2 poisoned darts.
* * * LOW HITPOINT WARNING * * *
You feel sick.
Your quokka barely misses the hound.
Something closely misses your hound. The hound barely misses your quokka.
You die...

...#...)..#...# .<....
.....5..#.#...# ......
..........#...###.....#
.....##.###...##.......
....# #...#...##....#
.... ##..##...#.....##
##...#.......÷......(#.#
#...#.5......(.........
.. #.....h(.†r..p>#....
..>#......#.h....## ...
........#...##...# ..
##.....(#.(......# .
.........(##.......
..#.....(......#.... .
#..................
.......##.......#.##
#......## .......#


You could see a hound, a friendly hound and a friendly quokka.

Vanquished Creatures
  2 goblins (D:2)
  A hobgoblin (D:2)
  3 jackals
  A quokka (D:1)
  A frilled lizard (D:2)
  A kobold (D:1)
  2 rats (D:2)
11 creatures vanquished.

Vanquished Creatures (collateral kills)
  A crimson imp (D:2)
  2 hounds
  A centaur skeleton (D:5)
  4 adders
  2 worms (D:2)
  2 dart slugs
  2 leopard geckos (D:2)
  An orc (D:3)
  3 giant cockroaches
  2 hobgoblins
  6 jackals
  2 bats (D:1)
  2 frilled lizards
  7 goblins
  5 kobolds
  2 rats (D:2)
44 creatures vanquished.

Grand Total: 55 creatures vanquished

Notes
Turn   | Place    | Note
-------+----------+-------------------------------------------
     0 | D:1      | Multipenetrator the Human Summoner began the quest for the
                  | Orb.
     0 | D:1      | Reached XP level 1. HP: 13/13 MP: 3/3
   410 | D:1      | Reached XP level 2. HP: 15/19 MP: 3/5
  1295 | D:2      | Learned a level 2 spell: Call Imp
  1380 | D:2      | Reached XP level 3. HP: 17/24 MP: 2/6
  2227 | D:2      | Learned a level 3 spell: Call Canine Familiar
  2233 | D:2      | Found a shadowy altar of Dithmenos.
  2237 | D:2      | Became a worshipper of Dithmenos the Shadowed
  2511 | D:2      | Reached XP level 4. HP: 18/30 MP: 6/8
  2819 | D:3      | Reached skill level 5 in Summonings
  3144 | D:3      | Found a bloodstained altar of Trog.
  3182 | D:3      | You fall into a shaft and drop 2 floors!
  3182 | D:5      | Entered Level 5 of the Dungeon
  3227 | D:5      | Reached XP level 5. HP: 32/35 MP: 5/9
  3359 | D:5      | HP: 1/35 [poisoned by a crimson imp]
  3360 | D:5      | Succumbed to a crimson imp's poison

Levels and vault maps discovered:
D:1:      dpeg_arrival_brainrot, layout_loops_ring
D:2:      layout_rooms, marbit_many_paths, nicolae_underground_beach
D:3:      layout_rooms, lemuel_coloured_pillars_altar, trog_three_pillars_becter
D:5:      layout_cave_pools, lemuel_blue_sif_altar, lemuel_doored_altar,
          first_ration

Skill      XL: |  1  2  3  4 |
---------------+-------------+-----
Spellcasting   | 3 |  3.5
Summonings     | 5 |  5.2
Short Blades   | |  0.3
Dodging        | |  2.0
Stealth        | |  2.0

Action                   |  1- 3 |  4- 6 || total
-------------------------+-------+-------++-------
Melee: Unarmed           |    36 |       ||    36
       Short sword       |    34 |       ||    34
       Hunting sling     |       |     6 ||     6
Throw: Dart              |       |     1 ||     1
 Cast: Summon Small Mamm |    50 |    14 ||    64
       Call Imp          |     6 |     1 ||     7
       Call Canine Famil |     1 |     6 ||     7
  Use: Potion            |     1 |     4 ||     5
       Scroll            |       |     1 ||     1
 Stab: Sleeping          |     3 |       ||     3
       Distracted        |       |     1 ||     1
  Eat: Chunk             |     6 |     3 ||     9
Armor: Robe              |    13 |     3 ||    16
Dodge: Dodged            |    58 |    30 ||    88

Table legend:
 A = Non-vault XP
 B = Vault XP
 C = Vault XP percentage of total XP
 D = Non-vault monster count
 E = Vault monster count
 F = Vault count percentage of total count
                 A         B        C        D         E       F
            +---------+---------+-------+---------+---------+-------
      Total |     181 |       3 |   1.6 |      53 |       2 |   3.6
            +---------+---------+-------+---------+---------+-------
        D:1 |      16 |       2 |  11.1 |      14 |       1 |   6.7
        D:2 |      70 |       1 |   1.4 |      26 |       1 |   3.7
        D:3 |      44 |       0 |   0.0 |      10 |       0 |   0.0
        D:5 |      51 |       0 |   0.0 |       3 |       0 |   0.0
            +---------+---------+-------+---------+---------+-------
